 Dungeon Crawl Stone Soup version 0.27.1-16-g815e20cd7a (webtiles) character file.

Game seed: 2372071170697192315

259 DenSaoPin the Chiller (level 6, -3/41 HPs)
             Began as a Merfolk Ice Elementalist on Nov 23, 2021.
             Slain by Natasha (8 damage)
             ... on level 3 of the Dungeon.
             The game lasted 00:12:44 (4499 turns).

DenSaoPin the Chiller (Merfolk Ice Elementalist)    Turns: 4499, Time: 00:12:45

Health: -3/41      AC:  3    Str:  9    XL:     6   Next: 17%
Magic:  10/10      EV: 14    Int: 15    God:
Gold:   129        SH:  0    Dex: 15    Spells: 10/11 levels left

rFire    . . .     SeeInvis .   g - +2 dagger (venom)
rCold    . . .     Faith    .   (no shield)
rNeg     . . .     Spirit   .   a - +0 robe
rPois    .         Reflect  .   h - +0 helmet
rElec    .         Harm     .   (no cloak)
rCorr    .         Rampage  .   (no gloves)
Will     .....                  (no boots)
Stlth    ++........             (no amulet)
HPRegen  0.13/turn              (no ring)
MPRegen  0.12/turn              (no ring)

@: no status effects
A: (nimble swimmer 2), mertail
a: no special abilities


You were on level 3 of the Dungeon.
You visited 1 branch of the dungeon, and saw 3 of its levels.

You collected 129 gold pieces.

Inventory:

Hand Weapons
 b - a +0 short sword
 c - a +0 whip of flaming
 g - a +2 dagger of venom (weapon)
Missiles
 f - a throwing net
Armour
 a - a +0 robe (worn)
 h - a +0 helmet (worn)
 i - a +0 animal skin
 q - a scarf of resistance
Scrolls
 e - a scroll of fog {unknown}
 k - a scroll of blinking {unknown}
 l - a scroll of identify {unknown}
 p - a scroll of acquirement {unknown}
Potions
 d - a potion of lignification {unknown}
 j - a potion of haste {unknown}
 m - a potion of flight {unknown}
 n - a potion of attraction {unknown}
 o - 2 potions of magic {unknown}


   Skills:
 + Level 3.2 Short Blades
 + Level 4.8 Dodging
 - Level 2.1 Stealth
 + Level 3.3 Spellcasting
 + Level 5.4 Ice Magic


You had 10 spell levels left.
You knew the following spells:

 Your Spells              Type           Power      Damage    Failure   Level
a - Freeze                Ice            72%        1d9       1%          1

Your spell library contained the following spells:

 Spells                   Type           Power      Damage    Failure   Level
 Frozen Ramparts          Ice            36%        1d5       6%          3
 Ozocubu's Armour         Ice            18%        N/A       6%          3
 Hailstorm                Conj/Ice       10%        3d5       54%         4


Dungeon Overview and Level Annotations

Branches:
Dungeon (3/15)

Altars:

Shops:
D:2 (

Annotations:
D:3 Natasha


Innate Abilities, Weirdness & Mutations

((You are quick and stealthy near water. (Stealth+, EV+, Speed+++)))
Your lower body shifts to a powerful aquatic tail in water.


Message History

The bat barely misses you. The ball python closely misses you.
The ball python constricts you.
You hit the ball python.
The ball python is poisoned.
The ball python is moderately wounded.
The bat hits you but does no damage. The bat barely misses you.
The orc barely misses you. The bat barely misses you.
The ball python bites you but does no damage.
The ball python constricts you.
You hit the orc.
You kill the orc!
The bat hits you. The bat hits you but does no damage.
Natasha casts a spell at you. The magic dart hits you!
The ball python bites you. The ball python constricts you.
You barely miss the ball python.
The ball python is moderately wounded.
The bat closely misses you. The ball python barely misses you.
The ball python constricts you.
You hit the bat.
You kill the bat!
Natasha claws you.
The ball python bites you but does no damage.
The ball python constricts you.
You completely miss Natasha.
You kill the ball python!
Natasha closely misses you.
You closely miss Natasha. Natasha claws you.
You closely miss Natasha.
Natasha howls an incantation.
Natasha glows brightly for a moment.
Natasha closely misses you.
You barely miss Natasha. You hit Natasha.
Natasha is poisoned.
Natasha is lightly wounded.
Natasha casts a spell at you. The magic dart hits you!
* * * LOW HITPOINT WARNING * * *
Natasha misses you. Natasha claws you!
You die...

.......... #.........
#......... #.........
#..†...... #..).....#
.#### #..).....##
.....##h.........
.##...@........#
#...............#.
######............
#####....#.......
......#†....#....
................. .##
......).#...#...##...
.......##.#..........
.....##
#.#####.......


You could see Natasha (very poisoned).

Vanquished Creatures
  An orc wizard (D:3)
  A scorpion zombie (D:3)
  A hound zombie (D:3)
  Robin (D:2)
  5 gnolls
  5 adders (D:2)
  A worm (D:3)
  A dart slug (D:2)
  7 orcs
  5 endoplasms
  A giant cockroach (D:1)
  14 goblins
  12 hobgoblins
  A quokka (D:1)
  8 ball pythons
  3 bats
  4 frilled lizards
  6 kobolds
  2 rats
79 creatures vanquished.

Vanquished Creatures (others)
  A withered plant (D:3)
1 creature vanquished.

Grand Total: 80 creatures vanquished

Notes
Turn   | Place    | Note
-------+----------+-------------------------------------------
     0 | D:1      | DenSaoPin the Merfolk Ice Elementalist began the quest for
                  | the Orb.
     0 | D:1      | Reached XP level 1. HP: 13/13 MP: 3/3
   463 | D:1      | Reached XP level 2. HP: 16/19 MP: 3/5
   504 | D:1      | Reached skill level 1 in Short Blades
  1057 | D:1      | Found a faded altar of an unknown god.
  1106 | D:1      | Reached XP level 3. HP: 12/24 MP: 2/6
  1718 | D:2      | Reached XP level 4. HP: 30/30 MP: 4/7
  2275 | D:1      | Reached skill level 5 in Ice Magic
  2444 | D:2      | Reached XP level 5. HP: 35/35 MP: 5/9
  2509 | D:2      | Noticed Robin
  3338 | D:2      | Killed Robin
  3370 | D:2      | Found Igri's Weapon Emporium.
  4243 | D:3      | Reached XP level 6. HP: 18/41 MP: 6/10
  4483 | D:3      | Noticed Natasha
  4499 | D:3      | Slain by Natasha

Illustrated notes

Levels and vault maps discovered:
D:1:      sevenhm_arrival_forest_fort_large_4, layout_rooms,
          dilly_ecumenical_altar_fadedgnrine
D:2:      layout_loops_cross, serial_shops, nicolae_diamond_shop,
          minmay_pentomino_p4, uniq_robin
D:3:      layout_rooms, serial_shops, shop_scrolls, serial_undead,
          serial_undead_c, serial_undead_f, serial_undead_f, serial_undead_d,
          serial_undead_a, minmay_puff, uniq_natasha

Skill      XL: |  1  2  3  4  5 |
---------------+----------------+-----
Dodging        | 3 4 |  4.8
Short Blades   | 1 2 3 |  3.2
Ice Magic      | 5 |  5.4
Spellcasting   | 3 |  3.3
Stealth        | |  2.1

Action                   |  1- 3 |  4- 6 || total
-------------------------+-------+-------++-------
Melee: Short sword       |    52 |    59 ||   111
       Unarmed           |     2 |       ||     2
       Dagger            |       |   120 ||   120
 Cast: Freeze            |    17 |    33 ||    50
 Stab: Sleeping          |     3 |     5 ||     8
       Distracted        |       |     1 ||     1
Armor: Robe              |     5 |    32 ||    37
Dodge: Dodged            |    40 |   167 ||   207
